 Dungeon Crawl Stone Soup version 0.25.0-1-g7eea58d (webtiles) character file.

Game seed: 18296624390673069705

11557 tboon the Basher (level 11, -5/71 HPs)
             Began as a Gargoyle Fighter on June 13, 2020.
             Was a High Priest of Okawaru.
             Slain by a harpy (10 damage)
             ... summoned by Kirke
             ... on level 12 of the Dungeon.
             The game lasted 00:40:45 (10659 turns).

tboon the Basher (Gargoyle Fighter)                Turns: 10659, Time: 00:40:45

Health: -5/71      AC:  0    Str: 24    XL:     11   Next: 79%
Magic:  15/15      EV: 13    Int:  8    God:    Okawaru [*****.]
Gold:   594        SH:  0    Dex:  9    Spells: 10/10 levels left

rFire    . . .     SeeInvis .   (weapon currently unavailable)
rCold    . . .     Gourm    .   (shield currently unavailable)
rNeg     + . .     Faith    .   (armour currently unavailable)
rPois    ∞         Spirit   .   (helmet currently unavailable)
rElec    .         Reflect  .   (cloak currently unavailable)
rCorr    .         Harm     .   (gloves currently unavailable)
MR       .....                  (boots currently unavailable)
Stlth    +.........             (no amulet)
HPRegen  0.21/turn              (ring currently unavailable)
MPRegen  0.14/turn              (ring currently unavailable)

@: pig-form, slowed
A: small, negative energy resistance 1, petrification resistance, rot immunity,
AC +8
a: Heroism, Finesse, Renounce Religion


You were on level 12 of the Dungeon.
You worshipped Okawaru.
Okawaru was extremely pleased with you.
You were not hungry.
You were a filthy swine.
You visited 2 branches of the dungeon, and saw 13 of its levels.

You collected 594 gold pieces.

Inventory:

Hand Weapons
 a - a +0 morningstar (melded)
   (You found it on level 7 of the Dungeon)
Missiles
 j - 37 poisoned darts (quivered)
 m - 4 datura-tipped darts
 E - a javelin
Armour
 c - a +0 kite shield (melded)
 p - a +0 helmet (melded)
   (You found it on level 1 of the Dungeon)
 t - a +0 cloak (melded)
   (You took it off Crazy Yiuf on level 2 of the Dungeon)
 G - a +0 pair of gloves (melded)
   (You found it on level 8 of the Dungeon)
 H - a +2 plate armour of cold resistance (melded)
   (You took it off an orc warrior on level 8 of the Dungeon)
Jewellery
 l - a ring of stealth (melded) {Stlth+}
   (You found it on level 6 of the Dungeon)
 y - a ring of flight (melded) {+Fly, !d}
   (You found it on level 9 of the Dungeon)
Wands
 d - a wand of flame (25)
   (You took it off Maggie on level 6 of the Dungeon)
 A - a wand of digging (4)
   (You found it on level 7 of the Dungeon)
Scrolls
 b - 2 scrolls of immolation {unknown}
 e - 2 scrolls of identify
 g - 2 scrolls of magic mapping {!r}
 k - 7 scrolls of teleportation
 n - 2 scrolls of amnesia
 o - 5 scrolls of remove curse
 q - 5 scrolls of enchant weapon
 v - a scroll of noise {unknown}
 w - 3 scrolls of blinking {!r}
 x - 3 scrolls of enchant armour {unknown}
Potions
 h - 2 potions of invisibility
 i - 5 potions of brilliance
 r - 2 potions of resistance
 s - a potion of heal wounds {unknown}
 u - a potion of flight
 z - 2 potions of curing {unknown}
 B - 5 potions of mutation {!q}
 C - a potion of magic {unknown}
 D - a potion of ambrosia
 I - a potion of lignification {unknown}
 J - a potion of might
Comestibles
 f - 11 rations
 F - 2 chunks of flesh


   Skills:
 + Level 9.2 Fighting
 * Level 11.1 Maces & Flails
 + Level 9.1 Armour
 + Level 9.2 Shields
 + Level 6.6 Invocations


You had 10 spell levels left.
You didn't know any spells.
Your spell library contained the following spells:

 Spells                   Type           Power        Failure   Level  Hunger
 Apportation              Tloc           #.....       41%         1    ##.....
 Corona                   Hex            #......      41%         1    ##.....
 Summon Butterflies       Summ           #.......     41%         1    ##.....
 Slow                     Hex            #.......     54%         2    ###....
 Inner Flame              Hex/Fire       #.......     78%         3    ####...
 Lesser Beckoning         Tloc           #.........   78%         3    ####...
 Portal Projectile        Hex/Tloc       #.....       78%         3    ####...
 Tukima's Dance           Hex            #.......     78%         3    ####...
 Cause Fear               Hex            #.........   99%         4    #####..
 Leda's Liquefaction      Hex/Erth       #.........   99%         4    #####..
 Alistair's Intoxication  Tmut/Pois      #.......     100%        5    ######.
 Invisibility             Hex            #.......     100%        6    #######


Dungeon Overview and Level Annotations

Branches:
Dungeon (13/15)            Temple (1/1) D:5             Orc (0/2) D:9
   Lair: D:8-11      Vaults: D:13-14

Altars:
Dithmenos
Elyvilon
Fedhas
Gozag
Hepliaklqana
Kikubaaqudgha
Makhleb
Okawaru
Sif Muna
Xom
The Shining One

Annotations:
D:12 Kirke


Innate Abilities, Weirdness & Mutations

You are resistant to torment.
((Your stone body is resilient. (AC +8)))
You are immune to poison.
You resist negative energy. (rN+)
((You are resistant to electric shocks. (rElec)))
((You can survive without breathing.))
You are immune to petrification.
You are immune to rotting.


Message History

Fire/throw which item? (* to show all) (? for menu, Esc to quit)
Okay, then.
Throwing (i - inventory. (/) - cycle)
j - 43 poisoned darts (quivered)
Press: ? - help, Shift-Dir - straight line, f/p - Kirke
Aim: Kirke, wielding a +0 falchion (wandering, hasn't noticed you)
You throw a poisoned dart. The poisoned dart closely misses Kirke.
Kirke shouts!
Throwing (i - inventory. (/) - cycle)
j - 42 poisoned darts (quivered)
Press: ? - help, Shift-Dir - straight line, f/p - Kirke
Aim: Kirke, wielding a +0 falchion You throw a poisoned dart.
The poisoned dart closely misses Kirke.
Throwing (i - inventory. (/) - cycle)
j - 41 poisoned darts (quivered)
Press: ? - help, Shift-Dir - straight line, f/p - Kirke
Aim: Kirke, wielding a +0 falchion You throw a poisoned dart.
The poisoned dart closely misses Kirke.
Throwing (i - inventory. (/) - cycle)
j - 40 poisoned darts (quivered)
Press: ? - help, Shift-Dir - straight line, f/p - Kirke
Aim: Kirke, wielding a +0 falchion You throw a poisoned dart.
The poisoned dart hits Kirke.
Kirke is poisoned.
Throwing (i - inventory. (/) - cycle)
j - 39 poisoned darts (quivered)
Press: ? - help, Shift-Dir - straight line, f/p - Kirke
Aim: Kirke, wielding a +0 falchion (poisoned)
You throw a poisoned dart. The poisoned dart hits Kirke.
Kirke looks even sicker.
You gain the combat prowess of a mighty hero.
Kirke casts a spell at you.
You feel yourself slow down.
Throwing (i - inventory. (/) - cycle)
j - 38 poisoned darts (quivered)
Press: ? - help, Shift-Dir - straight line, f/p - Kirke
Aim: Kirke, wielding a +0 falchion (very poisoned)
You throw a poisoned dart. The poisoned dart hits Kirke.
Kirke looks even sicker.
You impale Kirke!!
Kirke is moderately wounded.
Kirke hits you but does no damage.
You closely miss Kirke.
Kirke is moderately wounded.
You block Kirke's attack.
You hit Kirke.
Kirke is moderately wounded.
The hog bites you but does no damage. You block Kirke's attack.
You hit Kirke.
Kirke is moderately wounded.
The hog bites you. Kirke casts a spell at you.
You turn into a filthy swine.
Your +0 morningstar melds into your body.
Your +0 cloak melds into your body.
Your +0 helmet melds into your body.
Your +0 pair of gloves melds into your body.
Your +0 kite shield melds into your body.
Your +2 plate armour of cold resistance melds into your body.
Your ring of stealth {Stlth+} melds into your body.
Your ring of flight {+Fly, !d} melds into your body.
You feel less resistant to cold.
You barely miss Kirke.
Kirke is heavily wounded.
The hog bites you! The hog barely misses you.
Kirke hits you with a +0 falchion. The hog closely misses you.
Kirke hits you with a +0 falchion! The hog completely misses you.
The hog bites you.
A hog comes into view.
The hog squeals angrily.
A hog comes into view.
The hog squeals angrily.
The hog completely misses you.
Kirke points at you and mumbles some strange words.
You feel as though you will be slow longer.
A hog comes into view.
The hog misses you.
The hog squeals angrily.
You bite the hog!
The hog is heavily wounded.
The hog bites you! The hog barely misses you. The hog closely misses you.
The hog bites you. Kirke closely misses you. The hog bites you.
The hog barely misses you. The hog completely misses you. The hog misses you.
Kirke gestures at you while chanting.
You feel as though you will be slow longer.
The hog misses you. The hog completely misses you.
Kirke casts a spell.
Kirke flickers and vanishes!
Deactivating autopickup; reactivate with Ctrl-A.
The hog completely misses you. The hog closely misses you.
You see here a poisoned dart.
You feel like a meek peon again.
You hear some strange, mumbled words.
Something summons some harpies!
The hog bites you.
The harpy screeches! x2
The hog closely misses you. The hog bites you!
* * * LOW HITPOINT WARNING * * *
The hog closely misses you.
A wraith comes into view.
The hog bites you!
* * * LOW HITPOINT WARNING * * *
The harpy claws you.
* * * LOW HITPOINT WARNING * * *
The harpy claws you!
You die...

#######...(....#
. #..#####.#
#..# #.# #.h# ..
#..+ ##..#
#.hH#####.#
#.H.h.....#
#..hh.....#
#........##
#.........#
##.(......#
#........#
#........#
#........W.
##.........


You could see 2 harpies, 4 hogs and a wraith.

Vanquished Creatures
  Snorg (D:9)
  2 two-headed ogres
  Urug (D:12)
  Pikel (D:5)
  Joseph (D:10)
  Psyche (D:8)
  A gargoyle (D:10)
  Maggie (D:6)
  2 trolls
  A meliai zombie (D:10)
  Prince Ribbit (D:6)
  A hippogriff (D:9)
  6 yaks (D:9)
  2 hogs (D:12)
  3 hungry ghosts
  3 orc warriors (D:8)
  4 sky beasts
  4 ice beasts
  An eye of draining (D:8)
  6 ogres
  5 centaurs
  A necrophage (D:7)
  2 phantoms
  A big kobold (D:8)
  4 bullfrogs
  A wyvern zombie (D:9)
  A gnoll sergeant (D:9)
  3 scorpions (D:8)
  9 killer bees (D:10)
  4 wights (D:10)
  2 crimson imps
  A quasit (D:9)
  A centaur zombie (D:10)
  A bullfrog skeleton (D:6)
  A gnoll shaman (D:6)
  An orc priest (D:4)
  Crazy Yiuf (D:2)
  2 hounds
  A jelly (D:9)
  5 iguanas
  Natasha (thrice) (D:4)
  4 orc wizards
  10 worker ants
  A hound zombie (D:5)
  A hound skeleton (D:6)
  2 worker ant zombies
  15 gnolls
  A howler monkey skeleton (D:4)
  12 adders
  4 shadow imps
  3 oozes
  2 adder skeletons
  3 worms
  A dart slug (D:4)
  8 leopard geckos
  42 orcs
  2 ball pythons (D:2)
  5 giant cockroaches
  17 goblins
  8 hobgoblins
  4 jackals
  3 quokkas
  7 bats
  4 frilled lizards
  11 kobolds
  A quokka zombie (D:6)
  11 rats
275 creatures vanquished.

Vanquished Creatures (others)
  A centaur (D:5)
  An orc wizard (D:8)
  An adder (D:5)
  A quokka (D:3)
4 creatures vanquished.

Grand Total: 279 creatures vanquished

Notes
Turn   | Place    | Note
-------+----------+-------------------------------------------
     0 | D:1      | tboon the Gargoyle Fighter began the quest for the Orb.
     0 | D:1      | Reached XP level 1. HP: 14/14 MP: 1/1
    56 | D:1      | Reached XP level 2. HP: 18/19 MP: 2/2
   585 | D:2      | Found a runed translucent door.
   586 | D:2      | Noticed Crazy Yiuf
   656 | D:2      | Reached XP level 3. HP: 23/23 MP: 3/3
   849 | D:2      | Reached skill level 3 in Maces & Flails
   907 | D:2      | Reached XP level 4. HP: 29/29 MP: 4/4
  1329 | D:2      | Killed Crazy Yiuf
  1693 | D:3      | Reached skill level 4 in Armour
  1707 | D:3      | Reached skill level 4 in Fighting
  1729 | D:3      | Reached XP level 5. HP: 29/33 MP: 5/5
  1739 | D:3      | Reached skill level 4 in Shields
  2208 | D:3      | Found a white marble altar of Elyvilon.
  2477 | D:4      | Reached skill level 4 in Maces & Flails
  2572 | D:4      | Found an opulent altar of Gozag.
  2603 | D:4      | Reached XP level 6. HP: 38/39 MP: 6/6
  2727 | D:4      | Noticed Natasha
  2750 | D:4      | Killed Natasha
  2784 | D:4      | Noticed Natasha
  3174 | D:4      | Killed Natasha
  3532 | D:4      | Noticed Natasha
  3543 | D:4      | Killed Natasha
  3667 | D:5      | Entered Level 5 of the Dungeon
  3725 | D:4      | Reached XP level 7. HP: 41/44 MP: 7/7
  3778 | D:5      | Found a staircase to the Ecumenical Temple.
  3787 | Temple   | Entered the Ecumenical Temple
  3796 | Temple   | Became a worshipper of Warmaster Okawaru
  3832 | D:5      | Noticed Pikel
  3859 | D:5      | Killed Pikel
  3859 | D:5      | Reached * piety under Okawaru
  3859 | D:5      | Reached skill level 5 in Fighting
  3859 | D:5      | Reached skill level 5 in Maces & Flails
  3859 | D:5      | Reached skill level 5 in Armour
  3859 | D:5      | Reached skill level 5 in Shields
  3859 | D:5      | Reached XP level 8. HP: 17/50 MP: 8/8
  4105 | D:5      | Reached skill level 6 in Maces & Flails
  4653 | D:6      | Reached skill level 6 in Shields
  4807 | D:6      | Noticed Maggie
  4820 | D:6      | Killed Maggie
  4820 | D:6      | Reached skill level 6 in Fighting
  4820 | D:6      | Reached skill level 7 in Maces & Flails
  4820 | D:6      | Reached skill level 6 in Armour
  4820 | D:6      | Reached skill level 1 in Invocations
  5022 | D:6      | Reached ** piety under Okawaru
  5022 | D:6      | Reached XP level 9. HP: 55/55 MP: 10/10
  5031 | D:6      | Noticed Prince Ribbit
  5046 | D:6      | Killed Prince Ribbit
  5046 | D:6      | Reached skill level 2 in Invocations
  5823 | D:7      | Reached skill level 8 in Maces & Flails
  6087 | D:8      | Reached skill level 3 in Invocations
  6147 | D:8      | Noticed Psyche
  6158 | D:8      | Killed Psyche
  6158 | D:8      | Reached *** piety under Okawaru
  6158 | D:8      | Reached skill level 7 in Fighting
  6158 | D:8      | Reached skill level 7 in Armour
  6158 | D:8      | Reached skill level 7 in Shields
  6349 | D:8      | Reached XP level 10. HP: 31/63 MP: 12/12
  6704 | D:8      | Reached skill level 4 in Invocations
  6773 | D:8      | Reached skill level 9 in Maces & Flails
  6829 | D:8      | Noticed a two-headed ogre
  6842 | D:8      | Killed a two-headed ogre
  6842 | D:8      | Reached **** piety under Okawaru
  7025 | D:8      | HP: 15/64 [orc warrior/+0 glaive (3)]
  7436 | D:8      | Got an encrusted chain mail
  7443 | D:8      | Identified the +0 chain mail of Claustrophobia {rElec rF-
                  | Dex+4} (You found it on level 8 of the Dungeon)
  7798 | D:9      | Found a staircase to the Orcish Mines.
  7983 | D:9      | Noticed a two-headed ogre
  8001 | D:9      | Killed a two-headed ogre
  8001 | D:9      | Reached skill level 8 in Fighting
  8001 | D:9      | Reached skill level 8 in Armour
  8001 | D:9      | Reached skill level 8 in Shields
  8001 | D:9      | Reached skill level 5 in Invocations
  8034 | D:9      | Found a blossoming altar of Fedhas.
  8034 | D:9      | Found a glowing golden altar of the Shining One.
  8291 | D:9      | Reached skill level 10 in Maces & Flails
  8303 | D:9      | Reached XP level 11. HP: 61/69 MP: 13/15
  8310 | D:9      | Reached ***** piety under Okawaru
  8865 | D:9      | Found a burning altar of Makhleb.
  8893 | D:9      | Found a shimmering blue altar of Sif Muna.
  9051 | D:10     | Entered Level 10 of the Dungeon
  9160 | D:10     | Found a shadowy altar of Dithmenos.
  9198 | D:10     | Noticed Snorg
  9246 | D:9      | Killed Snorg
  9246 | D:9      | Reached skill level 6 in Invocations
  9667 | D:10     | Received a gift from Okawaru
  9802 | D:10     | Reached skill level 9 in Fighting
  9805 | D:10     | Reached skill level 9 in Shields
  9855 | D:10     | Noticed Joseph
  9870 | D:10     | Killed Joseph
  9870 | D:10     | Reached skill level 9 in Armour
 10129 | D:10     | Reached skill level 11 in Maces & Flails
 10344 | D:10     | You fall into a shaft and drop 3 floors!
 10434 | D:12     | Noticed Urug
 10451 | D:12     | Killed Urug
 10629 | D:12     | Noticed Kirke
 10653 | D:12     | Noticed a harpy
 10653 | D:12     | Noticed a harpy
 10655 | D:12     | HP: 14/71 [hog[Kirke] (13)]
 10659 | D:12     | HP: 6/71 [hog[Kirke] (9)]
 10659 | D:12     | Slain by a harpy

Illustrated notes

Levels and vault maps discovered:
D:1:      dpeg_arrival_lava_altar, layout_rooms, minmay_pentomino_u4
D:2:      minmay_skewed_foursquare, layout_basic, first_ration,
          uniq_crazy_yiuf_cottage
D:3:      layout_rooms, elyvilon_altar_4
D:4:      cheibrodos_greedy_goblins, layout_rooms,
          nicolae_gozag_cash_rules_everything_around_me, uniq_natasha
D:5:      layout_rooms, minmay_temple_entry_junction, uniq_pikel
D:6:      layout_loops_corners, uniq_prince_ribbit1, uniq_maggie
D:7:      layout_rooms
D:8:      layout_basic, minmay_orc_keep, uniq_psyche
D:9:      layout_basic, grunt_temple_overflow_open, orc_david_3
D:10:     layout_big_octagon, basic_altar, uniq_snorg, uniq_joseph
D:12:     gammafunk_beogh_shrine, layout_irregular_city, uniq_kirke, uniq_urug
D:13:     layout_irregular_city, erik_vaults_1, gammafunk_ghost_mausoleum,
          serial_shops, shop, shop
Temple:   eino_temple_scatter_basement

Skill      XL: |  1  2  3  4  5  6  7  8  9 10 11 |
---------------+----------------------------------+-----
Maces & Flails | 3 4 5 7 8 10 11 | 11.1
Armour         | 4 5 6 7 8 9 |  9.1
Fighting       | 4 5 6 7 8 9 |  9.2
Shields        | 4 5 6 7 8 9 |  9.2
Invocations    | 1 3 5 6 |  6.6

Action                   |  1- 3 |  4- 6 |  7- 9 | 10-12 || total
-------------------------+-------+-------+-------+-------++-------
Melee: Flail             |   118 |   389 |   196 |       ||   703
       Morningstar       |       |       |   102 |   701 ||   803
       Unarmed           |       |       |       |     2 ||     2
Throw: Dart              |       |       |       |    13 ||    13
Invok: Heroism           |       |       |     5 |    10 ||    15
  Use: Potion            |       |     1 |     1 |       ||     2
       Scroll            |       |     7 |     6 |     4 ||    17
  Eat: Chunk             |       |     7 |     4 |    28 ||    39
       Ration            |       |     1 |     1 |       ||     2
Armor: Scale mail        |    65 |   164 |       |       ||   229
       Chain mail        |       |    42 |   148 |    54 ||   244
       Plate armour      |       |       |       |   423 ||   423
Dodge: Dodged            |    41 |    86 |    50 |   196 ||   373
Block: Kite shield       |    58 |   191 |   122 |   477 ||   848

Levels and vault maps discovered:
D:1:      dpeg_arrival_lava_altar, layout_rooms, minmay_pentomino_u4
D:2:      minmay_skewed_foursquare, layout_basic, first_ration,
          uniq_crazy_yiuf_cottage
D:3:      layout_rooms, elyvilon_altar_4
D:4:      cheibrodos_greedy_goblins, layout_rooms,
          nicolae_gozag_cash_rules_everything_around_me, uniq_natasha
D:5:      layout_rooms, minmay_temple_entry_junction, uniq_pikel
D:6:      layout_loops_corners, uniq_prince_ribbit1, uniq_maggie
D:7:      layout_rooms
D:8:      layout_basic, minmay_orc_keep, uniq_psyche
D:9:      layout_basic, grunt_temple_overflow_open, orc_david_3
D:10:     layout_big_octagon, basic_altar, uniq_snorg, uniq_joseph
D:12:     gammafunk_beogh_shrine, layout_irregular_city, uniq_kirke, uniq_urug
D:13:     layout_irregular_city, erik_vaults_1, gammafunk_ghost_mausoleum,
          serial_shops, shop, shop
Temple:   eino_temple_scatter_basement

Table legend:
 A = Turns spent in this place as a percentage of turns spent in the entire game.
 B = Non-inter-level travel turns spent in this place as a percentage of non-inter-level travel turns spent in the entire game.
 C = Inter-level travel turns spent in this place as a percentage of turns spent in this place.
 D = Turns resting spent in this place as a percentage of non-inter-level travel turns spent in this place.
 E = Turns spent auto-exploring this place as a percentage of non-inter-level travel turns spent in this place.
 F = Non-inter-level travel turns spent in this place divided by the number of levels of this place that you've seen.
                   A       B       C       D       E      F
               +-------+-------+-------+-------+-------+----------------------
         Total | 100.0 | 100.0 |   3.0 |  30.0 |  23.3 | 795.5
       Dungeon |  99.8 |  99.9 |   2.9 |  30.1 |  23.3 | 860.8
        Temple |   0.2 |   0.1 |  42.1 |   0.0 |  18.2 |  11.0
               +-------+-------+-------+-------+-------+----------------------

Table legend:
 A = Kills in this place as a percentage of kills in entire the game.
 B = Kills by you in this place as a percentage of kills by you in the entire game.
 C = Kills by friends in this place as a percentage of kills by friends in the entire game.
 D = Other kills in this place as a percentage of other kills in the entire game.
 E = Experience gained in this place as a percentage of experience gained in the entire game.
 F = Experience gained in this place divided by the number of levels of this place that you have seen.
                   A       B       C       D       E      F
               +-------+-------+-------+-------+-------+----------------------
         Total | 100.0 | 100.0 |   N/A | 100.0 | 100.0 | 1270.0
       Dungeon | 100.0 | 100.0 |   N/A | 100.0 | 100.0 | 1375.8
               +-------+-------+-------+-------+-------+----------------------
